 Dungeon Crawl Stone Soup version 0.28-a0-503-g83f2989fac (webtiles) character file.

Game seed: 16207537149353505653

34811 Rennog the Warrior (level 13, -4/115 HPs)
             Began as a Demonspawn Gladiator on Sept 20, 2021.
             Was the Champion of Okawaru.
             Shot with an arrow by a centaur warrior (18 damage)
             ... on level 13 of the Dungeon.
             The game lasted 00:44:14 (21015 turns).

Rennog the Warrior (Demonspawn Gladiator)          Turns: 21015, Time: 00:44:14

Health: -4/115     AC: 24    Str: 27    XL:     13   Next: 44%
Magic:  19/19      EV: 13    Int: 10    God:    Okawaru [******]
Gold:   1197       SH:  0    Dex: 15    Spells: 12/12 levels left

rFire   . . .      SeeInvis .   S - +9 short sword of Dull Tenacity {vorpal, rPois}
rCold   . . .      Faith    .   n - +0 kite shield
rNeg    . . .      Spirit   .   Z - +7 chain mail of Pantheism {Str+2}
rPois   +          Reflect  .   G - +0 helmet
rElec   .          Harm     .   f - +0 cloak
rCorr   .          Rampage  .   (no gloves)
Will    .....                   A - +0 pair of boots
Stlth   ..........              (no amulet)
HPRegen 0.29/turn               i - +6 ring of strength
MPRegen 0.16/turn               s - +4 ring of evasion

@: confused, about to teleport, ambrosia-drunk, hasted, studying Long Blades,
very quick
A: talons 1, yellow scales 1, foul stench 2, spiny 2
a: Renounce Religion, Heroism, Finesse, Duel


You were on level 13 of the Dungeon.
You worshipped Okawaru.
Okawaru was exalted by your worship.
You visited 3 branches of the dungeon, and saw 18 of its levels.
You also visited: Sewer.

You collected 1197 gold pieces.

Inventory:

Hand Weapons
 a - a +0 rapier
 z - the +6 flail of Domination {elec, rF- Str+2 Int+3 Dex+6}
   (You found it on level 1 of the Lair of Beasts)

   It occasionally discharges a powerful burst of electricity upon striking a
   foe.
   Str:       It affects your strength (+2).
   Int:       It affects your intelligence (+3).
   Dex:       It affects your dexterity (+6).
   rF:        It makes you vulnerable to fire.
 L - a +4 scimitar
 S - the +9 short sword of Dull Tenacity (weapon) {vorpal, rPois}
   (Okawaru gifted it to you on level 12 of the Dungeon)

   It inflicts extra damage upon your enemies.
   rPois:     It protects you from poison.
Missiles
 d - 3 throwing nets (quivered)
Armour
 f - a +0 cloak (worn)
 n - a +0 kite shield (worn)
 A - a +0 pair of boots (worn)
 G - a +0 helmet (worn)
 V - the +1 plate armour "Xuan" {Regen+ Dex+4}
   (Okawaru gifted it to you on level 2 of the Lair of Beasts)

   Dex:       It affects your dexterity (+4).
   Regen:     It increases your rate of health regeneration.
 Z - the +7 chain mail of Pantheism (worn) {Str+2}
   (Okawaru gifted it to you on level 3 of the Lair of Beasts)

   Str:       It affects your strength (+2).
Jewellery
 i - a +6 ring of strength (left hand)
 s - a +4 ring of evasion (right hand)
 x - a ring of poison resistance
 y - a ring of resist corrosion
 B - a ring of ice
Wands
 c - a wand of digging (8)
 e - a wand of acid (5)
 H - a wand of flame (12)
 J - a wand of paralysis (7)
 M - a wand of iceblast (19)
 P - a wand of polymorph (14)
Scrolls
 g - 3 scrolls of enchant weapon
 j - 2 scrolls of amnesia
 k - 7 scrolls of magic mapping
 l - a scroll of fog
 p - 3 scrolls of torment
 r - a scroll of holy word {unknown}
 u - 2 scrolls of enchant armour
 v - 3 scrolls of summoning
 D - 3 scrolls of blinking
 E - 7 scrolls of teleportation
 F - 3 scrolls of immolation
 N - 4 scrolls of fear
 O - 3 scrolls of noise
 R - a scroll of acquirement {unknown}
 U - a scroll of brand weapon {unknown}
 Y - a scroll of identify
Potions
 b - 3 potions of attraction
 h - 2 potions of curing
 m - 13 potions of flight
 o - 2 potions of might
 q - 3 potions of cancellation
 t - 3 potions of degeneration
 w - a potion of haste
 C - a potion of lignification
 I - a potion of brilliance
 K - 2 potions of berserk rage {unknown}
 Q - 2 potions of heal wounds {unknown}
 W - 7 potions of ambrosia
Miscellaneous
 T - a condenser vane (inert)
 X - a piece from Xom's chessboard (15/15)


   Skills:
 - Level 15.0 Fighting
 - Level 2.6 Short Blades
 * Level 6.8 Maces & Flails
 - Level 1.7 Throwing
 + Level 9.2 Armour
 + Level 8.6 Dodging
 - Level 8.0 Invocations
 + Level 6.0 Evocations


You had 12 spell levels left.
You didn't know any spells.
Your spell library contained the following spells:

 Spells                   Type           Power      Damage    Failure   Level
 Magic Dart               Conj           0%         1d3       100%        1
 Blink                    Tloc           N/A        N/A       100%        2
 Corpse Rot               Necr/Air       N/A        N/A       100%        2
 Poisonous Vapours        Pois/Air       0%         N/A       100%        2
 Searing Ray              Conj           0%         2d4       100%        2
 Lesser Beckoning         Tloc           0%         N/A       100%        3
 Fulminant Prism          Conj/Hex       0%         3d6       100%        4
 Manifold Assault         Tloc           0%         N/A       100%        5
 Eringya's Noxious Bog    Tmut/Pois      0%         N/A       100%        6
 Orb of Destruction       Conj           0%         N/A       100%        7
 Summon Guardian Golem    Hex/Summ       Unusable   N/A       N/A         3
 Summon Forest            Summ/Tloc      Unusable   N/A       N/A         5
 Spellforged Servitor     Conj/Summ      Unusable   N/A       N/A         7
 Summon Hydra             Summ           Unusable   N/A       N/A         7

Dungeon Overview and Level Annotations

Branches:
Dungeon (13/15)            Temple (1/1) D:4            Lair (4/6) D:9
 Shoals (0/4) Lair:4        Snake (0/4) Lair:3          Orc (0/2) D:10
  Sewer (visited)
 Vaults: D:13-14

Altars:
Ashenzari
Cheibriados
Dithmenos
Kikubaaqudgha
Okawaru
Ru
Wu Jian
Xom
Yredelemnul
The Shining One

Shops:
D:4 [   D:8 =   D:10 ([   D:11 *

Portals:
Abyss: D:12

Annotations:
D:9 Gastronok
D:11 1 runed translucent door
D:12 2 transporters, Foxy's ghost, journeyman BaIE; Rupert
Lair:4 2 runed translucent doors, RandomusNamus's ghost, journeyman MiHu


Innate Abilities, Weirdness & Mutations

You have sharp toenails.
You are partially covered in yellow scales. (AC +2)
You sometimes emit foul miasma when damaged in melee.
You are mostly covered in sharp spines.


Message History

The fire elemental is struck by your spines.
The fire elemental completely misses you.
You feel like a meek peon again. The fire elemental hits you.
The fire elemental burns you! The fire elemental barely misses you.
The fire elemental hits you. The fire elemental burns you!
* * * LOW HITPOINT WARNING * * *
The fire elemental hits you. The fire elemental burns you!
* * * LOW HITPOINT WARNING * * *
The fire elemental is struck by your spines.
The fire elemental barely misses you. The fire elemental hits you.
The fire elemental burns you!
* * * LOW HITPOINT WARNING * * *
You feel yourself speed up. The fire elemental hits you.
The fire elemental burns you!
* * * LOW HITPOINT WARNING * * *
The fire elemental is struck by your spines.
You destroy the fire elemental!
The fire elemental disappears in a puff of smoke!
The fire elemental barely misses you.
You feel better. You block the fire elemental's attack.
The fire elemental hits you. The fire elemental burns you!
* * * LOW HITPOINT WARNING * * *
The centaur warrior wields a +0 shortbow.
The centaur warrior shoots an arrow.
The arrow misses you.
A centaur warrior comes into view. It is wielding a staff of poison.
As you read the scroll of teleportation, it crumbles to dust.
You feel strangely unstable.
The centaur warrior shouts!
The fire elemental hits you. The fire elemental burns you!
* * * LOW HITPOINT WARNING * * *
Blink to where?
Press: ? - help, Dir - move target
As you read the scroll of blinking, it crumbles to dust.
You are confused.
You feel invigorated.
The fire elemental disappears in a puff of smoke!
The centaur warrior wields a +0 shortbow.
The centaur warrior shoots an arrow.
The arrow hits you!!
You die...

###.... ###
##.#....
##.###.>.....
#..##.°..°°..
#....○.##..c.
##..○.......e
#####..°##....##.
##.....E###.....##
#@....§## ##...###
##.....####.......
####........###'##
#.#..........##
#.. ........c...##
#. ..........##
..........#
.##.....c.#
..##.......+


You could see a centaur warrior and a fire elemental (summoned).

Vanquished Creatures
  Josephine (Lair:4)
  2 hydras
  4 two-headed ogres
  A centaur warrior (D:13)
  Urug (Lair:3)
  Pikel (D:8)
  A wolf spider (D:11)
  2 cyclopes (D:13)
  4 ugly things
  A guardian serpent (shapeshifter) (D:12)
  A torpor snail (Lair:2)
  3 black mambas
  6 cane toads
  2 rime drakes (Lair:4)
  An unseen horror (D:12)
  Maggie (D:8)
  A gargoyle (D:11)
  An efreet (D:13)
  5 kobold demonologists
  7 komodo dragons
  Psyche (D:8)
  A queen bee (Lair:2)
  4 trolls
  3 slime creatures
  6 dream sheep
  A snapping turtle (Lair:4)
  3 blink frogs (Lair:1)
  2 shadows (D:12)
  4 wraiths (Lair:4)
  21 yaks
  7 vampire mosquitoes (D:12)
  2 basilisks
  A steam dragon (Lair:3)
  2 nagas (Lair:3)
  A warg (Lair:2)
  7 water moccasins
  8 orc warriors
  2 black bears
  An ogre (D:6)
  A necrophage (D:5)
  16 wolves
  A phantom (D:7)
  14 centaurs
  2 lemures (D:8)
  A kobold brigand (D:9)
  15 bullfrogs
  A gnoll sergeant (D:9)
  3 scorpions
  A wyvern skeleton (D:6)
  34 killer bees
  13 wights
  3 howler monkeys
  5 centaur zombies
  A bullfrog zombie (D:6)
  3 hounds
  3 jellies
  4 orc priests
  3 bullfrog skeletons
  2 iguanas
  Terence (D:3)
  10 orc wizards
  9 adders
  8 gnolls
  A shadow imp (D:7)
  A white imp (D:7)
  An ufetubus (D:7)
  6 worms
  2 dart slugs
  37 orcs
  6 ball pythons
  6 endoplasms
  6 giant cockroaches
  4 goblins
  3 hobgoblins
  9 kobolds
  4 quokkas
  12 bats
  2 frilled lizards
  2 goblin zombies (D:7)
  2 hobgoblin zombies (D:7)
  3 kobold skeletons (D:7)
  A kobold zombie (D:7)
  An orc skeleton (D:7)
  An orc zombie (D:7)
  9 rats
396 creatures vanquished.

Vanquished Creatures (others)
  30 fungi
  39 plants
69 creatures vanquished.

Grand Total: 465 creatures vanquished

Notes
Turn   | Place    | Note
-------+----------+-------------------------------------------
     0 | D:1      | Rennog the Demonspawn Gladiator began the quest for the
                  | Orb.
     0 | D:1      | Reached XP level 1. HP: 16/16 MP: 1/1
   189 | D:1      | Gained mutation: You are partially covered in sharp spines.
                  | [demonic ancestry]
   189 | D:1      | Reached XP level 2. HP: 23/23 MP: 2/2
   435 | D:1      | You fall into a shaft and drop 1 floor!
   480 | D:2      | Reached skill level 3 in Fighting
   537 | D:2      | Gained mutation: You may rarely emit foul miasma when
                  | damaged in melee. [demonic ancestry]
   537 | D:2      | Reached XP level 3. HP: 23/29 MP: 3/3
  1036 | D:1      | Found a faded altar of an unknown god.
  1439 | D:3      | Noticed Terence
  1462 | D:3      | Killed Terence
  1564 | D:3      | Reached XP level 4. HP: 36/37 MP: 4/4
  1957 | D:4      | Found a staircase to the Ecumenical Temple.
  1968 | Temple   | Entered the Ecumenical Temple
  1981 | Temple   | Became a worshipper of Warmaster Okawaru
  2020 | D:4      | Reached skill level 4 in Fighting
  2034 | D:4      | Reached XP level 5. HP: 34/43 MP: 5/5
  2295 | D:4      | Found Vaackoy's Armour Shoppe.
  2589 | D:5      | Entered Level 5 of the Dungeon
  2715 | D:5      | Reached skill level 5 in Fighting
  2802 | D:5      | Noticed a necrophage
  2813 | D:5      | Killed a necrophage
  2813 | D:5      | Reached * piety under Okawaru
  2814 | D:5      | Gained mutation: You are mostly covered in sharp spines.
                  | [demonic ancestry]
  2814 | D:5      | Reached XP level 6. HP: 49/51 MP: 6/6
  2995 | D:5      | Found a glowing drain.
  2999 | Sewer    | Entered a sewer
  3907 | D:5      | Found a snail-covered altar of Cheibriados.
  3918 | D:5      | Found a broken altar of Ashenzari.
  3953 | D:5      | Reached skill level 6 in Fighting
  4260 | D:6      | Reached XP level 7. HP: 43/59 MP: 7/7
  4519 | D:6      | Reached skill level 5 in Dodging
  4769 | D:6      | Reached skill level 7 in Fighting
  5475 | D:6      | Reached ** piety under Okawaru
  5502 | D:6      | Gained mutation: You are partially covered in yellow
                  | scales. (AC +2) [demonic ancestry]
  5502 | D:6      | Reached XP level 8. HP: 38/68 MP: 8/8
  5684 | D:6      | Noticed a two-headed ogre
  5712 | D:5      | Reached skill level 8 in Fighting
  6355 | D:7      | Found a shadowy altar of Dithmenos.
  6434 | D:7      | Found a basalt altar of Yredelemnul.
  6563 | D:7      | Reached skill level 9 in Fighting
  6903 | D:7      | Found an ancient bone altar of Kikubaaqudgha.
  7557 | D:7      | Reached *** piety under Okawaru
  7729 | D:6      | Reached XP level 9. HP: 71/78 MP: 9/9
  7929 | D:8      | Found Edok's Jewellery Boutique.
  8098 | D:8      | Reached skill level 10 in Fighting
  8498 | D:8      | Noticed Pikel
  8520 | D:8      | Reached skill level 1 in Armour
  9431 | D:8      | Noticed Psyche
  9540 | D:9      | Reached skill level 11 in Fighting
  9541 | D:9      | Reached **** piety under Okawaru
 10070 | D:9      | Found a staircase to the Lair.
 10378 | D:9      | Reached skill level 1 in Invocations
 10554 | D:9      | Noticed a troll
 10561 | D:9      | Killed a troll
 10598 | D:9      | Noticed a two-headed ogre
 10630 | D:8      | Noticed Maggie
 10636 | D:8      | Killed Maggie
 10637 | D:8      | Gained mutation: You sometimes emit foul miasma when
                  | damaged in melee. [demonic ancestry]
 10637 | D:8      | Reached XP level 10. HP: 74/89 MP: 11/11
 10796 | D:8      | Killed Pikel
 10885 | D:8      | Killed Psyche
 10886 | D:8      | Reached skill level 12 in Fighting
 11148 | D:9      | Killed a two-headed ogre
 11148 | D:9      | Reached ***** piety under Okawaru
 11718 | D:9      | Noticed Gastronok
 11773 | D:10     | Entered Level 10 of the Dungeon
 11773 | D:10     | Noticed a two-headed ogre
 11777 | D:10     | Killed a two-headed ogre
 11778 | D:10     | Reached skill level 5 in Armour
 11778 | D:10     | Reached skill level 5 in Invocations
 12130 | D:10     | Found Awufojy's Armour Shop.
 12130 | D:10     | Found a staircase to the Orcish Mines.
 12134 | D:10     | Found Waaku's Weapon Shop.
 12150 | D:10     | Reached skill level 13 in Fighting
 12402 | D:10     | Reached XP level 11. HP: 98/98 MP: 15/15
 12449 | D:10     | Noticed a two-headed ogre
 12456 | D:10     | Killed a two-headed ogre
 12738 | D:11     | Found Fiyppeuma's General Store.
 12850 | D:11     | Noticed a purple ugly thing
 12940 | D:11     | Noticed a four-headed hydra
 13133 | D:12     | Identified the +9 short sword of Dull Tenacity {vorpal,
                  | rPois} (Okawaru gifted it to you on level 12 of the
                  | Dungeon)
 13133 | D:12     | Received a gift from Okawaru
 13204 | D:11     | Killed a purple ugly thing
 13301 | D:12     | Noticed a sun demon
 13316 | D:12     | Noticed a sixfirhy
 13318 | D:12     | Reached ****** piety under Okawaru
 13433 | D:12     | Noticed Rupert
 13434 | D:12     | Paralysed by Rupert for 2 turns
 13445 | D:12     | Paralysed by Rupert for 6 turns
 13793 | D:11     | Noticed a two-headed ogre
 13801 | D:11     | Killed a two-headed ogre
 14089 | D:11     | Found a runed translucent door.
 14090 | D:11     | Noticed a wolf spider
 14101 | D:11     | Killed a wolf spider
 14297 | D:11     | Reached skill level 14 in Fighting
 14512 | D:11     | Noticed a green ugly thing
 14519 | D:11     | Killed a green ugly thing
 14519 | D:11     | Received a gift from Okawaru
 14657 | D:11     | Noticed an ettin
 14732 | Lair:1   | Entered Level 1 of the Lair of Beasts
 15716 | Lair:1   | Reached skill level 1 in Evocations
 15716 | Lair:1   | Reached XP level 12. HP: 70/108 MP: 18/18
 16344 | Lair:2   | Identified the +1 plate armour "Xuan" {Regen+ Dex+4}
                  | (Okawaru gifted it to you on level 2 of the Lair of Beasts)
 16344 | Lair:2   | Received a gift from Okawaru
 16497 | Lair:2   | Reached skill level 15 in Fighting
 16554 | Lair:1   | Identified the +6 flail of Domination {elec, rF- Str+2
                  | Int+3 Dex+6}
 16901 | Lair:2   | Reached skill level 1 in Maces & Flails
 17788 | Lair:3   | Found a staircase to the Snake Pit.
 18135 | Lair:3   | Noticed Urug
 18151 | Lair:3   | Killed Urug
 18727 | Lair:3   | Identified the +7 chain mail of Pantheism {Str+2} (Okawaru
                  | gifted it to you on level 3 of the Lair of Beasts)
 18727 | Lair:3   | Received a gift from Okawaru
 18832 | Lair:4   | Noticed a seven-headed hydra
 18912 | Lair:4   | Reached skill level 5 in Maces & Flails
 18924 | Lair:4   | Noticed Josephine
 18931 | Lair:4   | Killed Josephine
 18932 | Lair:4   | Gained mutation: You have sharp toenails. [demonic
                  | ancestry]
 18932 | Lair:4   | Reached XP level 13. HP: 115/115 MP: 19/19
 18951 | Lair:4   | Reached skill level 5 in Evocations
 19213 | Lair:4   | Found a staircase to the Shoals.
 19542 | Lair:4   | Found a large runed translucent door.
 19542 | Lair:4   | Found a large runed translucent door.
 19781 | Lair:4   | Noticed RandomusNamus's ghost (journeyman MiHu)
 20596 | D:12     | Found a one-way gate to the infinite horrors of the Abyss.
 20596 | D:12     | Noticed Foxy's ghost (journeyman BaIE)
 20619 | D:12     | Found a transporter.
 20635 | D:12     | Found a transporter.
 21011 | D:13     | HP: 3/115 [fire elemental[a deep elf pyromancer] (9)]
 21015 | D:13     | Shot with an arrow by a centaur warrior

Illustrated notes

Levels and vault maps discovered:
D:1:      dpeg_arrival_short_road, layout_loops_cross,
          hellmonk_ecumenical_altar_leap_of_faith, minivault_11,
          minmay_pentomino_w4
D:2:      layout_basic
D:3:      layout_rooms, uniq_terence
D:4:      layout_gridville, minmay_temple_entry_slanted, serial_shops,
          nicolae_shop_stone
D:5:      layout_basic, mainiacjoe_overflow_big_doors, gup_sewer_entry_spiral,
          kennysheep_another_room
D:6:      layout_loops_cross
D:7:      layout_loops_corners, mainiacjoe_overflow_paths,
          mainiacjoe_overflow_chevrons, nicolae_tso_besieged_by_evil,
          old_standard_altar
D:8:      layout_basic, serial_shops, nicolae_diamond_shop, uniq_psyche,
          uniq_pikel, uniq_maggie
D:9:      layout_loops_corners, grunt_lair_entry_orc_guard_hut, uniq_gastronok
D:10:     layout_rooms, orc_david_3
D:11:     layout_roguey, serial_shops, shop, minivault_13
D:12:     layout_basic, gammafunk_ghost_abyssal_escape, uniq_sonja, uniq_rupert
D:13:     minmay_the_grid_octo_triangle [minmay_the_grid_octo_focus,
          minmay_the_grid_octo_prize_star, minmay_the_grid_octo_checkered],
          layout_cave_pools, grunt_vaults_entry_tiered
Temple:   regret_index_temple_sphere_string
Lair:1:   layout_gridlike, serial_bayou_lagoon_a, grunt_megastairs_1
Lair:2:   beast_lair_carwin_large_2, layout_small_grid, special_room
          [special_room_bee], hangedman_lair_unloving_vines,
          chequers_serial_rivers_micro_a
Lair:3:   layout_loops_ring, guppyfry_snake_entry_island, uniq_urug
Lair:4:   layout_long_grid, minmay_shoals_entry_hut,
          ebering_ghost_disaster_area, uniq_josephine

Skill      XL: |  1  2  3  4  5  6  7  8  9 10 11 12 13 |
---------------+----------------------------------------+-----
Dodging        | 3 4 5 6 7 8 |  8.6
Fighting       | 3 4 5 6 7 9 11 13 14 15 | 15.0
Armour         | 3 5 7 8 9 |  9.2
Invocations    | 2 6 8 |  8.0
Evocations     | 1 4 6 |  6.0
Maces & Flails | 5 6 |  6.8
Short Blades   | |  2.6
Throwing       | |  1.7

Action                   |  1- 3 |  4- 6 |  7- 9 | 10-12 | 13-15 || total
-------------------------+-------+-------+-------+-------+-------++-------
Melee: Rapier            |    63 |   165 |   295 |       |       ||   523
       Scimitar          |       |       |    33 |   115 |       ||   148
       Short sword       |       |       |       |   166 |    21 ||   187
       Flail             |       |       |       |   152 |   103 ||   255
Invok: Heroism           |       |     1 |     2 |     3 |     1 ||     7
Evoke: Wand              |       |       |     2 |     9 |     2 ||    13
       Condenser vane    |       |       |       |     1 |     1 ||     2
  Use: Scroll            |     3 |     4 |     1 |    10 |     2 ||    20
       Potion            |       |     1 |     1 |     4 |     3 ||     9
 Stab: Paralysed         |       |       |     4 |       |       ||     4
Armor: Leather armour    |     6 |       |       |       |       ||     6
       Ring mail         |     7 |    47 |    57 |       |       ||   111
       Plate armour      |       |       |    60 |   296 |       ||   356
       Skin              |       |       |     2 |       |       ||     2
       Chain mail        |       |       |       |     9 |    87 ||    96
Dodge: Dodged            |    31 |    89 |   167 |   271 |   111 ||   669
Block: Kite shield       |    13 |    56 |   148 |   284 |    80 ||   581

Table legend: (Time is in decaauts)
 A = Elapsed time spent in this place.
 B = Non-inter-level travel time spent in this place.
 C = Inter-level travel time spent in this place.
 D = Time resting spent in this place.
 E = Time spent auto-exploring this place.
 F = Levels seen in this place.
 G = Mean time per level.
                   A        B        C        D        E       F      G
               +--------+--------+--------+--------+--------+-----+--------+
         Total |  21629 |  19885 |   1744 |   1926 |  14148 |  19 | 1138.4 |
       Dungeon |  15379 |  13917 |   1462 |   1821 |   9472 |  13 | 1183.0 |
        Temple |     29 |     13 |     16 |      0 |      5 |   1 |   29.0 |
          Lair |   5592 |   5327 |    265 |    105 |   4345 |   4 | 1398.0 |
         Sewer |    628 |    628 |      0 |      0 |    325 |   1 |  628.0 |
               +--------+--------+--------+--------+--------+-----+--------+

Top non-repeatable levels by time:
     D:6: 2058 daAuts
    D:11: 1922 daAuts
     D:7: 1881 daAuts
     D:5: 1837 daAuts
  Lair:1: 1746 daAuts
     D:9: 1636 daAuts
     D:8: 1570 daAuts
  Lair:2: 1450 daAuts
  Lair:4: 1406 daAuts
  Lair:3: 989 daAuts
     D:1: 966 daAuts
    D:10: 888 daAuts
    D:12: 800 daAuts
   Sewer: 628 daAuts
     D:4: 617 daAuts
